 Dungeon Crawl Stone Soup version 0.25.1-2-g60ff931df9 (webtiles) character file.

Game seed: 14138037892697866539

1430 Exodus22XD the Poker (level 8, -11/60 HPs)
             Began as a Demonspawn Gladiator on Oct 31, 2020.
             Killed by divine providence
             ... invoked by an orc priest
              (13 damage)
             ... on level 7 of the Dungeon.
             The game lasted 00:05:38 (6881 turns).

Exodus22XD the Poker (Demonspawn Gladiator)         Turns: 6881, Time: 00:05:39

Health: -11/60     AC:  9    Str: 17    XL:     8   Next: 45%
Magic:  8/8        EV: 12    Int: 10    God:
Gold:   429        SH:  0    Dex: 14    Spells: 7/7 levels left

rFire    . . .     SeeInvis .   v - +1 spear (freeze) (curse)
rCold    + . .     Gourm    .   (no shield)
rNeg     . . .     Faith    .   l - +0 ring mail
rPois    .         Spirit   .   c - +0 helmet
rElec    .         Reflect  .   C - +1 cloak
rCorr    .         Harm     .   (no gloves)
MR       .....                  (no boots)
Stlth    +.........             (no amulet)
HPRegen  0.20/turn              (no ring)
MPRegen  0.11/turn              (no ring)

@: lightly drained
A: talons 2, cold resistance 1, powered by pain 1
a: no special abilities


You were on level 7 of the Dungeon.
You were not hungry.

You visited 1 branch of the dungeon, and saw 7 of its levels.

You collected 429 gold pieces.

Inventory:

Hand Weapons
 a - a +0 trident
 v - a cursed +1 spear of freezing (weapon)
 E - a +4 quarterstaff of chaos
Missiles
 d - 3 throwing nets (quivered)
Armour
 b - a +0 leather armour
 c - a +0 helmet (worn)
 l - a +0 ring mail (worn)
 C - a +1 cloak (worn)
Jewellery
 w - an uncursed ring of wizardry {unknown}
 B - an uncursed amulet of the acrobat {unknown}
Wands
 s - a wand of clouds (3)
 D - a wand of acid (8)
Scrolls
 i - a scroll of fear {unknown}
 j - a scroll of amnesia {unknown}
 k - a scroll of fog {unknown}
 m - 5 scrolls of identify {unknown}
 n - 6 scrolls of remove curse {unknown}
 o - 2 scrolls of enchant weapon {unknown}
 t - 2 scrolls of teleportation {unknown}
 u - 2 scrolls of enchant armour {unknown}
 x - a scroll of random uselessness {unknown}
 y - a scroll of magic mapping {unknown}
Potions
 e - a potion of haste {unknown}
 g - a potion of berserk rage {unknown}
 h - 2 potions of flight
 p - a potion of magic {unknown}
 q - 3 potions of lignification
 r - a potion of cancellation {unknown}
 z - 2 potions of degeneration {unknown}
 A - 2 potions of curing
Comestibles
 f - 13 rations
 F - a chunk of flesh


   Skills:
 + Level 4.2(3.7) Fighting
 + Level 6.9(6.4) Polearms
 - Level 1.7(1.2) Throwing
 + Level 5.2(4.6) Armour
 + Level 3.9(3.4) Dodging
 + Level 0.9(0.4) Stealth


You had 7 spell levels left.
You didn't know any spells.
Your spell library contained the following spells:

 Spells                   Type           Power        Failure   Level  Hunger
 Corona                   Hex            #......      54%         1    ##.....
 Summon Small Mammal      Summ           #...         54%         1    ##.....
 Call Imp                 Summ           #.......     69%         2    ###....
 Ensorcelled Hibernation  Hex/Ice        #.....       69%         2    ###....
 Call Canine Familiar     Summ           #.......     89%         3    ####...
 Confusing Touch          Hex            #.......     89%         3    ####...
 Dazzling Flash           Conj/Hex       #.....       89%         3    ####...
 Summon Guardian Golem    Hex/Summ       #.......     89%         3    ####...
 Tukima's Dance           Hex            #.......     89%         3    ####...
 Summon Ice Beast         Ice/Summ       #.......     100%        4    #####..
 Summon Lightning Spire   Summ/Air       #.......     100%        4    #####..


Dungeon Overview and Level Annotations

Branches:
Dungeon (7/15)
 Temple: D:4-7

Altars:
Ashenzari
Cheibriados
Okawaru
Qazlal
Ru
Sif Muna
Trog
Yredelemnul


Innate Abilities, Weirdness & Mutations

You have razor-sharp toenails.
Your flesh is cold resistant. (rC+)
You sometimes gain a little power by taking damage.


Message History

* * * LOW HITPOINT WARNING * * *
The orc priest barely misses you.
You hit the orc priest. You freeze the orc priest. You claw the orc priest.
The orc priest is almost dead.
You hit the orc warrior but do no damage.
You claw the orc warrior, but do no damage.
You hit the orc warrior but do no damage.
Your kick misses the orc warrior.
The orc warrior hits you with a +0 dire flail!
* * * LOW HITPOINT WARNING * * *
The orc priest begins to cast a cantrip, but forgets the words!
You feel better.
The orc priest begins to cast a cantrip, but forgets the words!
The orc warrior hits you with a +0 dire flail!
* * * LOW HITPOINT WARNING * * *
You hit the orc warrior but do no damage.
Your kick misses the orc warrior.
The orc priest calls down the wrath of Beogh upon you.
Beogh smites you!
You die...

#.†.# ##..# #..#
#.o# #so# ##.##
#..#
##..########
#..soo@....#
#.#.######.#
###.#......
#.....>##
#...##.....
#...#########
##..........#
#..........#
#..........###.#


You could see an orc warrior, an orc priest and a giant cockroach.

Vanquished Creatures
  An eye of draining (D:5)
  2 ogres
  A scorpion (D:6)
  8 wights
  2 howler monkeys
  4 hounds
  A jelly (D:5)
  An orc priest (D:7)
  5 orc wizards
  Crazy Yiuf (D:6)
  2 worker ants
  10 gnolls
  7 adders
  A howler monkey skeleton (D:6)
  A shadow imp (D:5)
  An ooze (D:2)
  3 adder skeletons
  3 worms
  3 dart slugs
  A leopard gecko (D:5)
  18 orcs
  3 ball pythons
  6 bats
  5 giant cockroaches
  16 goblins
  3 hobgoblins
  11 jackals
  2 quokkas (D:4)
  6 frilled lizards
  10 kobolds
  2 leopard gecko skeletons
  A leopard gecko zombie (D:4)
  5 rats
146 creatures vanquished.

Notes
Turn   | Place    | Note
-------+----------+-------------------------------------------
     0 | D:1      | Exodus22XD the Demonspawn Gladiator began the quest for the
                  | Orb.
     0 | D:1      | Reached XP level 1. HP: 16/16 MP: 1/1
   158 | D:1      | Reached skill level 3 in Polearms
   158 | D:1      | Gained mutation: You have sharp toenails. [demonic
                  | ancestry]
   158 | D:1      | Reached XP level 2. HP: 20/22 MP: 2/2
   273 | D:1      | Reached XP level 3. HP: 27/27 MP: 3/3
  1095 | D:2      | Gained mutation: You sometimes gain a little power by
                  | taking damage. [demonic ancestry]
  1095 | D:2      | Reached XP level 4. HP: 33/33 MP: 4/4
  1502 | D:2      | Found a shimmering blue altar of Sif Muna.
  1681 | D:3      | Reached skill level 4 in Polearms
  1689 | D:3      | Reached skill level 1 in Armour
  1984 | D:3      | Gained mutation: You have razor-sharp toenails. [demonic
                  | ancestry]
  1984 | D:3      | Reached XP level 5. HP: 39/39 MP: 5/5
  2045 | D:3      | Found a sacrificial altar of Ru.
  2061 | D:3      | Noticed an ogre
  2066 | D:3      | Killed an ogre
  2206 | D:3      | Reached skill level 5 in Polearms
  2304 | D:3      | Gained mutation: Your flesh is cold resistant. (rC+)
                  | [demonic ancestry]
  2304 | D:3      | Reached XP level 6. HP: 21/46 MP: 6/6
  3353 | D:4      | Reached XP level 7. HP: 52/52 MP: 7/7
  3598 | D:4      | Found an iron altar of Okawaru.
  3716 | D:5      | Entered Level 5 of the Dungeon
  3761 | D:5      | Found a stormy altar of Qazlal.
  3762 | D:5      | Noticed an air elemental
  3765 | D:5      | Noticed a fire elemental
  3765 | D:5      | Noticed a water elemental
  3830 | D:5      | Found a shattered altar of Ashenzari.
  3886 | D:5      | Reached skill level 6 in Polearms
  4354 | D:5      | HP: 2/53 [acid (11)]
  4364 | D:5      | HP: 2/53 [acid (3)]
  4793 | D:5      | Found a snail-covered altar of Cheibriados.
  5206 | D:5      | Found a bloodstained altar of Trog.
  5222 | D:5      | Reached XP level 8. HP: 48/60 MP: 1/8
  5593 | D:6      | Found a basalt altar of Yredelemnul.
  6051 | D:6      | Found a runed translucent door.
  6052 | D:6      | Noticed Crazy Yiuf
  6632 | D:6      | Killed Crazy Yiuf
  6842 | D:7      | Reached skill level 5 in Armour
  6880 | D:7      | HP: 2/60 [orc warrior/+0 dire flail (7)]
  6881 | D:7      | Killed from afar by an orc priest

Illustrated notes

Levels and vault maps discovered:
D:1:      matt_arrival_refuge, layout_basic
D:2:      layout_basic, lemuel_blue_sif_altar, first_ration,
          minmay_split_cup_large
D:3:      layout_basic, nicolae_ru_path_of_blood
D:4:      layout_gridville, marbit_many_paths, lemuel_old_faithful
D:5:      layout_gridville, trog_eyes_of_draining, cheibrodos_ashenzari_chains,
          cheibrodos_worm_habitat, hangedman_decor_diamond_cutter,
          nicolae_qazlal_style_of_elements
D:6:      layout_loops_ring, serial_park_tiny_1, yredelemnul_altar_generic,
          uniq_crazy_yiuf_cottage
D:7:      layout_basic, minmay_temple_entry_gardened_gates, grunt_livestock,
          minivault_10

Skill      XL: |  1  2  3  4  5  6  7  8 |
---------------+-------------------------+-----
Polearms       | 3 4 5 6 |  6.9
Dodging        | 3 |  3.9
Armour         | 1 2 3 5 |  5.2
Fighting       | 3 4 |  4.2
Throwing       | |  1.7
Stealth        | |  0.9

Action                   |  1- 3 |  4- 6 |  7- 9 || total
-------------------------+-------+-------+-------++-------
Melee: Trident           |    96 |   159 |       ||   255
       Kick              |     8 |    25 |    68 ||   101
       Spear             |       |    25 |   222 ||   247
  Use: Potion            |       |     4 |     3 ||     7
 Stab: Sleeping          |     2 |       |       ||     2
  Eat: Chunk             |     1 |     7 |    11 ||    19
Armor: Leather armour    |     6 |       |       ||     6
       Ring mail         |    20 |    35 |    26 ||    81
       Skin              |       |    29 |       ||    29
Dodge: Dodged            |    65 |    68 |    77 ||   210
